 Dungeon Crawl Stone Soup version 0.32-a0-468-g38b2580584 (webtiles) character file.

Game seed: 6311890197840249423

352 Sabo the Chopper (level 6, -8/53 HPs)
             Began as a Mountain Dwarf Monk on Feb 24, 2024.
             Mangled by an ice beast (14 damage)
             ... on level 4 of the Dungeon.
             The game lasted 00:14:45 (3395 turns).

Sabo the Chopper (Mountain Dwarf Monk)              Turns: 3395, Time: 00:14:46

Health: -8/53      AC:  9    Str: 16    XL:     6   Next: 34%
Magic:  6/6        EV:  8    Int: 10    God:
Gold:   126        SH:  0    Dex: 12    Spells: 5/5 levels left

rFire   . . .        t - +0 war axe
rCold   . . .        d - orb {light}
rNeg    . . .        u - +0 chain mail
rPois   .            j - +0 helmet
rElec   .            (no cloak)
rCorr   .            (no gloves)
SInv    .            (no boots)
Will    .....        (no amulet) Stlth
                     (no ring)
HPRegen 0.28/turn    (no ring)
MPRegen 0.10/turn

%: no passive effects
@: glowing
A: runic magic, artefact enchanting
a: no special abilities


You were on level 4 of the Dungeon.
You visited 1 branch of the dungeon, and saw 4 of its levels.

You collected 126 gold pieces.

Inventory:

Hand Weapons
 f - a +0 sling
 q - a +1 sling of flaming
 t - a +0 war axe (weapon)
Missiles
 p - 2 javelins (quivered)
Armour
 b - a +0 robe
 d - an orb of light (worn)
 e - a +0 leather armour
 j - a +0 helmet (worn)
 u - a +0 chain mail (worn)
Talismans
 m - a dragon-blood talisman
Wands
 a - a wand of paralysis (8)
Scrolls
 g - 3 scrolls of fear
 h - a scroll of enchant weapon
 r - a scroll of poison
 s - a scroll of fog
Potions
 c - 2 potions of ambrosia
 i - 2 potions of mutation
 k - a potion of degeneration {unknown}
 l - 2 potions of lignification {unknown}
 n - 3 potions of curing {unknown}
 o - a potion of magic {unknown}
 v - a potion of heal wounds {unknown}


   Skills:
 + Level 4.6 Fighting
 + Level 6.7 Axes
 + Level 2.2 Armour
 + Level 2.7 Dodging
 + Level 0.2 Stealth


You had 5 spell levels left.
You didn't know any spells.
Your spell library was empty.

Dungeon Overview and Level Annotations

Branches:
Dungeon (4/15)
 Temple: D:4-7

Altars:
Gozag


Innate Abilities, Weirdness & Mutations

Your spellcasting is much less encumbered by armour.
You can use scrolls of enchantment on lesser artefacts.


Message History

HP restored.
You see here a black bear corpse.
Found 8 stones.
An ice beast comes into view.
The ice beast hits you. The ice beast freezes you!
You hit the ice beast.
The ice beast is lightly wounded.
The ice beast hits you but does no damage.
You barely miss the ice beast.
The ice beast is lightly wounded.
The ice beast barely misses you.
You hit the ice beast.
The ice beast is lightly wounded.
The ice beast hits you but does no damage.
You completely miss the ice beast.
The ice beast is lightly wounded.
The ice beast hits you but does no damage.
You hit the ice beast but do no damage.
The ice beast is lightly wounded.
The ice beast hits you but does no damage.
The ice beast closely misses you.
You hit the ice beast but do no damage.
The ice beast is lightly wounded.
The ice beast hits you. The ice beast freezes you!
You slash the ice beast!
The ice beast is heavily wounded.
The ice beast hits you. The ice beast freezes you.
You barely miss the ice beast.
The ice beast is heavily wounded.
The ice beast hits you. The ice beast freezes you!
* * * LOW HITPOINT WARNING * * *
You hit the ice beast.
The ice beast is severely wounded.
The ice beast closely misses you.
You hit the ice beast but do no damage.
The ice beast is severely wounded.
The ice beast hits you.
* * * LOW HITPOINT WARNING * * *
The ice beast freezes you!
You die...

#.# #. #.# #.# #.# #.#
### #.## #.# #.. ...#
#.# #.# #..# #.# #Y#
#..# ##.###@#####.#
#..# #......(.....#
#..#
##...##.###########..#
#.###.#.# #.....# #.#
...# #)###)# #.###.###
#.# #.# ##...## #.#
#.### #.### #.# #....
#.# #.# #####


You could see an ice beast.

Vanquished Creatures
  A black bear (D:4)
  A phantom (D:4)
  An orc priest (D:4)
  Jessica (D:3)
  6 adders
  3 dart slugs
  3 ribbon worms
  9 orcs
  6 ball pythons
  5 endoplasms
  3 giant cockroaches
  6 goblins
  2 hobgoblins (D:2)
  4 quokkas
  6 bats
  2 frilled lizards
  3 kobolds
  4 rats
66 creatures vanquished.

Notes
Turn   | Place    | Note
-------+----------+-------------------------------------------
     0 | D:1      | Sabo the Mountain Dwarf Monk began the quest for the Orb.
     0 | D:1      | Reached XP level 1. HP: 19/19 MP: 1/1
   209 | D:1      | Reached XP level 2. HP: 24/26 MP: 2/2
   337 | D:1      | Reached skill level 4 in Axes
   339 | D:1      | You fall into a shaft and drop 1 floor!
  1194 | D:2      | Found a faded altar of an unknown god.
  1284 | D:2      | Reached XP level 3. HP: 32/33 MP: 3/3
  1475 | D:2      | HP: 1/33 [ribbon worm (7)]
  2205 | D:2      | Reached XP level 4. HP: 37/40 MP: 4/4
  2451 | D:3      | Found an opulent altar of Gozag.
  2582 | D:3      | Reached skill level 5 in Axes
  2849 | D:3      | Noticed Jessica
  2857 | D:3      | Killed Jessica
  2858 | D:3      | Reached skill level 1 in Armour
  2858 | D:3      | Reached XP level 5. HP: 38/46 MP: 5/5
  3081 | D:4      | Noticed a phantom
  3091 | D:4      | Killed a phantom
  3092 | D:4      | Reached skill level 6 in Axes
  3299 | D:4      | Noticed a black bear
  3309 | D:4      | Killed a black bear
  3310 | D:4      | Reached XP level 6. HP: 39/53 MP: 6/6
  3383 | D:4      | Noticed an ice beast
  3395 | D:4      | Mangled by an ice beast

Illustrated notes

Levels and vault maps discovered:
D:1:      dpeg_arrival_yet_another_circle, layout_basic
D:2:      layout_loops_corners, shapermc_ecumenical_altar_notcrosses,
          st_stairs_12, serial_bayou_pond_a
D:3:      layout_rooms, mainiacjoe_overflow_surrounded_room,
          grunt_decor_arrowhead, uniq_jessica
D:4:      layout_loops_ring

Skill      XL: |  1  2  3  4  5 |
---------------+----------------+-----
Axes           | 4 5 6 |  6.7
Fighting       | 4 |  4.6
Armour         | 1 2 |  2.2
Dodging        | |  2.7
Stealth        | |  0.2

Action                     |  1- 3 |  4- 6 || total
---------------------------+-------+-------++-------
  Melee: Hand axe          |   105 |     9 ||   114
         War axe           |       |    79 ||    79
    Use: Scroll            |     4 |     2 ||     6
         Potion            |     1 |       ||     1
 Armour: Robe              |    15 |       ||    15
         Ring mail         |    61 |    27 ||    88
         Chain mail        |       |    48 ||    48
  Dodge: Dodged            |    63 |    55 ||   118

Table legend: (Time is in decaauts)
 A = Elapsed time spent in this place.
 B = Non-inter-level travel time spent in this place.
 C = Inter-level travel time spent in this place.
 D = Time resting spent in this place.
 E = Time spent auto-exploring this place.
 F = Levels seen in this place.
 G = Mean time per level.
                   A        B        C        D        E       F      G
               +--------+--------+--------+--------+--------+-----+--------+
         Total |   3421 |   3421 |      0 |    566 |      0 |   4 |  855.2 |
       Dungeon |   3421 |   3421 |      0 |    566 |      0 |   4 |  855.2 |
               +--------+--------+--------+--------+--------+-----+--------+

Top non-repeatable levels by time:
     D:2: 1278 daAuts
     D:1: 1135 daAuts
     D:3: 679 daAuts
     D:4: 328 daAuts
